 Dungeon Crawl Stone Soup version 0.19-a0-739-gf2af308 (webtiles) character file.

88 TheGoonsmith the Conjurer (level 4, -13/27 HPs)
             Began as a High Elf Conjurer on June 23, 2016.
             Killed by divine providence
             ... invoked by an orc priest
              (17 damage)
             ... on level 3 of the Dungeon.
             The game lasted 00:02:47 (1972 turns).

TheGoonsmith the Conjurer (High Elf Conjurer)       Turns: 1972, Time: 00:02:49

Health: -13/27     AC:  2    Str:  7    XL:     4   Next: 30%
Magic:  0/10       EV: 13    Int: 24    God:
Gold:   120        SH:  0    Dex: 16    Spells: 2 memorised, 7 levels left

rFire  . . .     SeeInvis .     k - -1 dagger (curse)
rCold  . . .     Gourm    .     a - +0 robe
rNeg   . . .     Faith    .     (no shield)
rPois  .         Spirit   .     (no helmet)
rElec  .         Dismiss  .     (no cloak)
rCorr  .         Reflect  .     (no gloves)
SustAt .         Harm     .     (no boots)
MR     .....                    (no amulet)
Stlth  ++........               (no ring)
                                (no ring)

@: brilliant, not resistant to hostile enchantments, unstealthy
A: no striking features
a: no special abilities


You were on level 3 of the Dungeon.
You were not hungry.

You visited 1 branch of the dungeon, and saw 3 of its levels.

You collected 120 gold pieces.

Inventory:

Hand Weapons
 f - a +0 dagger
 k - a cursed -1 dagger (weapon)
 n - a +0 mace
Armour
 a - a +0 robe (worn)
Jewellery
 m - an uncursed amulet of the gourmand {unknown}
Wands
 q - a wand of confusion (25/48)
 v - a wand of confusion (14/48)
Scrolls
 d - 3 scrolls of identify {unknown}
 g - 2 scrolls of teleportation {unknown}
 h - 3 scrolls of remove curse {unknown}
 j - a scroll of fog {unknown}
 l - a scroll of random uselessness {unknown}
 o - a scroll of immolation {unknown}
 p - a scroll of blinking {unknown}
 s - a scroll of magic mapping {unknown}
 t - a scroll of amnesia {unknown}
Potions
 r - a potion of degeneration {unknown}
Books
 b - a book of Conjurations

   Spells                             Type                      Level
   a - Magic Dart                     Conjuration                  1
   b - Searing Ray                    Conjuration                  2
   c - Dazzling Spray                 Conjuration/Hexes            3
   d - Fulminant Prism                Conjuration/Hexes            4
   e - Iskenderun's Mystic Blast      Conjuration                  4
   f - Iskenderun's Battlesphere      Conjuration/Charms           5
Comestibles
 i - a meat ration
 u - 3 fruits


   Skills:
 - Level 2.1 Dodging
 - Level 2.1 Stealth
 + Level 3.8 Spellcasting
 * Level 5.6 Conjurations


You had 7 spell levels left.
You knew the following spells:

 Your Spells              Type           Power        Failure   Level  Hunger
a - Magic Dart            Conj           ####         1%          1    None
b - Searing Ray           Conj           #####.       1%          2    #......


Dungeon Overview and Level Annotations

Branches:
Dungeon (3/15)

Altars:
Yredelemnul


Message History

The orc hits you with a mace! The orc priest completely misses you.
The orc closely misses you.
The orc priest calls upon Beogh to heal the orc.
The orc's wounds heal themselves!
Casting: Magic Dart
Confirm with . or Enter, or press ? or * to list all spells.
Aiming: Magic Dart
Press: ? - help, Shift-Dir - straight line, f/p - orc priest
Aim: an orc priest, wielding a short sword and wearing a leather armour (almost dead)
The magic dart hits the orc.
The orc is lightly wounded.
The orc hits you with a mace.
It was a potion of brilliance.
You feel clever all of a sudden. The orc hits you with a mace!
* * * LOW HITPOINT WARNING * * *
The orc priest calls down the wrath of Beogh upon you.
Beogh smites you!
Ouch! That really hurt!
You die...

....... ...# #
.....†.#..## .#
.$........>#.#
##.#....### #....).....
##.#.####### ##..o.#
#####...o## #.......@#
#........# #.
#........# ########..
#........# #.........
#........# #[........
#........# #.<.......
#..(.....# #......[..
#######.#####
##.........
##....#...###.<........


You could see an orc priest and an orc.

Vanquished Creatures
  4 adders
  2 oozes
  A giant gecko (D:1)
  2 orcs (D:3)
  2 giant cockroaches
  7 goblins (D:1)
  6 hobgoblins
  2 jackals (D:1)
  4 kobolds (D:1)
  A quokka (D:3)
  3 bats
  7 rats
41 creatures vanquished.

Notes
Turn   | Place    | Note
--------------------------------------------------------------
     0 | D:1      | TheGoonsmith the High Elf Conjurer began the quest for the Orb.
     0 | D:1      | Reached XP level 1. HP: 11/11 MP: 4/4
   461 | D:1      | Reached XP level 2. HP: 17/17 MP: 4/6
   467 | D:1      | Learned a level 2 spell: Searing Ray
   909 | D:1      | Reached skill level 5 in Conjurations
  1017 | D:1      | Reached XP level 3. HP: 21/21 MP: 3/8
  1485 | D:2      | Reached XP level 4. HP: 25/27 MP: 0/10
  1629 | D:2      | Found a basalt altar of Yredelemnul.
  1744 | D:2      | Found a faded altar of an unknown god.
  1972 | D:3      | Killed from afar by an orc priest

Vault maps used:
D:1:      dpeg_arrival_morbid_curiosity
D:2:      lemuel_upstairs_altar, old_standard_altar, ecumenical_altar_1,
          minmay_tromino_v7
D:3:      grunt_decor_resistance, uniq_sigmund

Skill      XL: |  1  2 |
---------------+-------+-----
Spellcasting   | 3 |  3.8
Conjurations   | 5 |  5.6
Dodging        | |  2.1
Stealth        | |  2.1

Action                   |  1- 3 |  4- 6 || total
-------------------------+-------+-------++-------
Melee: Unarmed           |     6 |       ||     6
       Mace              |     5 |       ||     5
       Dagger            |       |     2 ||     2
 Cast: Magic Dart        |    70 |    23 ||    93
  Use: Potion            |     4 |     1 ||     5
  Eat: Chunk             |       |     2 ||     2
       Bread ration      |       |     1 ||     1
Armor: Robe              |     1 |       ||     1
       Skin              |     3 |       ||     3
Dodge: Dodged            |    18 |     2 ||    20
